Map: Abyssal Reef LE

Players

SamuraiFunn - Winner!

  • Race: Protoss Protoss
  • League: Platinum
  • Spawn Location: 11:00

A.I. 1 (Elite)

  • Race: Protoss Protoss
  • Spawn Location: 5:00

VOD

Have the link to the VOD?

Description

Time

  • Played on: Nov. 26, 2017, 8:42 p.m.
  • Length: 15:39
Show
View Real Time Build Order
Export as new Build Order

SamuraiFunn Protoss - Winner!

Build Orders:  

Get SALT Encoding   

  12  0:01  Probe  
  13  0:13  Probe  
  14  0:25  Probe  
  14  0:27  Pylon  
  15  0:45  Probe (Chrono Boost)  
  15  0:48  Gateway  
  16  0:57  Probe (Chrono Boost)  
  16  1:02  Assimilator  
  18  1:06  Probe (Chrono Boost)  
  18  1:11  Probe  
  19  1:23  Probe  
  20  1:25  Gateway  
  20  1:35  Probe  
  20  1:38  Cybernetics Core  
  21  1:41  Pylon  
  21  1:44  Assimilator  
  21  1:47  Probe  
  22  1:59  Probe, Zealot  
  25  2:12  Probe  
  25  2:15  Warp Gate (Chrono Boost)  
  26  2:26  Probe  
  27  2:33  Nexus  
  27  2:51  Probe  
  28  3:03  Probe  
  29  3:05  Robotics Facility  
  29  3:10  Gateway  
  29  3:15  Probe  
  30  3:28  Probe  
  30  3:30  Pylon  
  31  3:37  Pylon  
  31  3:44  Pylon  
  31  3:45  Probe  
  32  3:57  Probe  
  33  4:06  Gateway  
  33  4:12  Probe x2  
  35  4:21  Stalker x2  
  35  4:22  Assimilator, Stalker  
  35  4:24  Probe x2, Assimilator  
  43  4:43  Observer  
  43  4:44  Probe x2  
  46  4:56  Probe  
  46  4:57  Probe  
  48  5:00  Robotics Facility  
  48  5:04  Observer  
  48  5:06  Pylon  
  49  5:13  Stalker x4  
  57  5:25  Immortal  
  61  5:31  Probe x2  
  63  5:43  Probe x2  
  65  5:50  Nexus  
  65  5:54  Pylon  
  65  5:55  Probe  
  66  6:13  Immortal  
  66  6:14  Immortal  
  74  6:20  Probe x2  
  76  6:38  Twilight Council  
  76  6:46  Forge  
  76  6:47  Probe x2  
  76  6:48  Forge  
  78  7:03  Probe x3  
  78  7:07  Zealot x3  
  78  7:08  Zealot  
  89  7:11  Pylon  
  88  7:16  Pylon  
  88  7:22  Assimilator  
  88  7:23  Probe x2  
  88  7:24  Probe  
  91  7:39  Probe x2  
  91  7:40  Probe  
  94  7:44  Stalker  
  94  7:45  Stalker x2  
  94  7:47  Immortal  
  94  7:48  Immortal  
  108  7:51  Probe  
  108  7:58  Probe  
  110  7:59  Probe  
  110  8:03  Probe  
  112  8:12  Probe x2  
  114  8:17  Pylon  
  114  8:20  Pylon  
  114  8:22  Probe, Gateway  
  114  8:23  Gateway  
  114  8:24  Probe  
  116  8:31  Assimilator  
  116  8:35  Immortal x2  
  124  9:11  Stalker x2  
  124  9:12  Stalker  
  124  9:14  Warp Prism  
  124  9:17  Gateway x2  
  132  9:19  Gateway  
  132  9:23  Pylon  
  132  9:27  Pylon  
  132  9:30  Pylon  
  132  9:40  Protoss Ground Weapons Level 1  
  132  9:41  Protoss Ground Armor Level 1, Warp Prism  
  132  9:43  Blink  
  134  9:46  Probe x2  
  136  9:55  Zealot  
  136  9:56  Zealot x2  
  136  9:57  Zealot  
  136  9:58  Zealot x2  
  148  10:01  Immortal  
  136  10:17  Immortal  
  134  10:25  Stalker x2  
  134  10:26  Stalker x2  
  134  10:27  Stalker x2  
  132  10:45  Immortal  
  134  10:56  Immortal  
  134  11:24  Immortal  
  128  11:35  Immortal  
  130  11:42  Stalker  
  130  11:43  Stalker x5  
  130  11:46  Charge (Chrono Boost)  
  142  11:48  Protoss Ground Weapons Level 2  
  142  11:49  Protoss Shields Level 1  
  142  12:03  Immortal  
  146  12:15  Immortal  
  142  12:42  Warp Prism  
  144  12:53  Warp Prism  
  146  13:10  Stalker x4  
  146  13:11  Stalker  
  142  13:42  Stalker x3  
  142  13:43  Stalker x4  
  150  14:02  Pylon  
  150  14:03  Pylon  
  150  14:05  Pylon  
  150  14:18  Stalker x3  
  150  14:20  Stalker x2  
  150  14:21  Stalker x4  
Show
View Real Time Build Order
Export as new Build Order

A.I. 1 (Elite) Protoss 

Build Orders: Zealot Archon 

Get SALT Encoding   

  12  0:00  Probe  
  13  0:13  Probe  
  14  0:20  Pylon  
  14  0:25  Probe  
  15  0:38  Probe  
  16  0:48  Assimilator  
  16  0:50  Probe  
  16  0:51  Gateway  
  17  1:02  Probe, Pylon  
  18  1:14  Probe  
  19  1:26  Probe  
  20  1:38  Probe  
  21  1:41  Gateway, Zealot  
  21  1:44  Cybernetics Core  
  23  1:51  Probe  
  23  1:53  Pylon  
  24  2:03  Probe  
  25  2:08  Zealot  
  25  2:15  Probe  
  28  2:22  Warp Gate  
  28  2:27  Probe  
  28  2:29  Adept  
  31  2:34  Gateway  
  31  2:35  Adept  
  33  2:42  Gateway  
  33  2:56  Stalker  
  35  3:02  Pylon, Stalker  
  35  3:04  Probe  
  38  3:10  Assimilator  
  38  3:16  Probe  
  39  3:20  Adept  
  39  3:26  Adept  
  43  3:29  Stalker  
  45  3:36  Stalker  
  47  3:44  Pylon  
  47  4:00  Robotics Facility  
  47  4:10  Twilight Council  
  47  4:27  Pylon  
  47  4:50  Zealot  
  49  4:57  Templar Archives  
  49  5:00  Nexus  
  49  5:34  High Templar, Forge  
  51  5:37  Sentry  
  51  5:40  Stalker  
  55  5:44  Pylon  
  55  6:08  High Templar  
  57  6:12  Archon  
  57  6:14  Probe x2  
  59  6:21  Pylon  
  59  6:22  Assimilator  
  59  6:25  Pylon  
  59  6:26  Probe  
  59  6:27  Probe, Assimilator  
  61  6:36  High Templar  
  61  6:38  Probe  
  61  6:39  Probe  
  65  6:50  Probe  
  65  6:51  Probe  
  67  6:58  High Templar  
  69  7:02  Probe  
  69  7:03  Probe, Stalker  
  69  7:04  Nexus  
  69  7:07  Stalker  
  75  7:13  Archon  
  75  7:14  Probe  
  75  7:15  Probe  
  77  7:21  High Templar  
  79  7:26  Probe  
  79  7:27  Probe  
  81  7:36  High Templar  
  83  7:38  Probe  
  83  7:39  Probe  
  83  7:42  Observer  
  86  7:47  Stalker  
  86  7:50  Probe, Archon  
  89  7:51  Probe  
  89  7:53  Pylon  
  90  8:00  High Templar  
  90  8:02  Probe  
  90  8:04  Probe  
  94  8:15  Probe, High Templar  
  94  8:17  Probe x2  
  99  8:20  Archon  
  99  8:23  Assimilator  
  99  8:24  Forge  
  99  8:26  Assimilator  
  99  8:27  Probe  
  100  8:29  Probe x2, High Templar  
  104  8:39  Probe  
  105  8:41  Probe  
  105  8:43  Probe, High Templar  
  109  8:48  Archon  
  109  8:51  Probe  
  109  8:53  Probe  
  109  8:55  High Templar, Pylon, Probe  
  114  8:56  Photon Cannon  
  114  9:03  Probe  
  114  9:04  Photon Cannon  
  114  9:05  High Templar, Probe  
  114  9:07  Probe  
  119  9:11  Sentry, Archon  
  119  9:15  Probe  
  119  9:16  Photon Cannon  
  122  9:17  Pylon  
  122  9:18  Probe  
  122  9:19  Probe  
  122  9:20  High Templar  
  126  9:27  Probe  
  126  9:28  Pylon  
  126  9:30  High Templar, Probe  
  130  9:31  Probe  
  130  9:36  Protoss Ground Weapons Level 1  
  131  9:39  Probe  
  131  9:42  Probe, Protoss Ground Armor Level 1  
  131  9:43  Gateway  
  133  9:47  Pylon  
  133  9:49  Photon Cannon  
  133  9:52  Pylon  
  133  9:53  Psionic Storm  
  133  9:54  Zealot  
  135  10:00  Archon  
  135  10:03  High Templar, Warp Prism  
  139  10:09  Zealot x2  
  143  10:14  Zealot  
  143  10:18  Pylon  
  112  10:29  Adept, Stalker  
  112  10:31  Probe  
  112  10:34  Sentry  
  107  10:35  Zealot  
  107  10:37  Zealot  
  107  10:39  Warp Prism  
  99  10:50  Adept  
  99  10:52  Zealot  
  99  10:55  High Templar  
  105  10:57  Stalker x2  
  105  11:00  Archon  
  109  11:10  Zealot  
  111  11:12  Nexus, Stalker  
  111  11:15  Immortal  
  107  11:20  High Templar, Stalker  
  99  11:28  Sentry  
  99  11:30  High Templar  
  87  11:35  High Templar  
  78  11:40  Probe x3  
  78  11:43  Stalker  
  72  11:50  Zealot  
  72  11:52  Probe  
  72  11:53  Probe, Adept  
  78  11:54  Immortal  
  79  12:02  Zealot  
  79  12:04  Probe  
  79  12:05  Probe, High Templar  
  79  12:07  Adept  
  79  12:11  High Templar  
  79  12:13  Zealot  
  73  12:16  Probe  
  73  12:17  Probe  
  73  12:20  Nexus  
  73  12:22  Zealot  
  75  12:26  Assimilator  
  75  12:27  Stalker  
  75  12:28  Probe  
  78  12:30  Probe  
  78  12:33  Zealot, Assimilator  
  78  12:37  Pylon  
  78  12:38  Sentry  
  78  12:40  Probe  
  78  12:42  Probe, Adept  
  78  12:43  Zealot  
  84  12:51  High Templar  
  86  12:52  Probe  
  86  12:53  Stalker  
  86  12:54  Probe  
  90  13:01  Zealot  
  90  13:02  Zealot  
  90  13:03  Zealot  
  90  13:05  Probe  
  95  13:06  Probe  
  78  13:15  Pylon  
  78  13:16  Sentry  
  78  13:17  Probe  
  78  13:18  Probe  
  78  13:19  Pylon  
  68  13:21  Adept  
  68  13:22  High Templar  
  68  13:23  Zealot x2  
  74  13:29  Probe  
  69  13:39  High Templar  
  69  13:41  Adept  
  70  13:43  Stalker, Zealot  
  74  13:51  Nexus  
  74  13:54  Zealot  
  76  14:01  Stalker  
  78  14:03  Zealot  
  78  14:06  Zealot  
  82  14:11  Stalker  
  82  14:14  High Templar  
  74  14:23  Zealot  
  74  14:24  High Templar  
  72  14:26  Stalker  
  65  14:34  Zealot  
  54  14:43  High Templar  
  33  14:47  Zealot  
  33  14:50  High Templar  
  25  14:54  Adept  
  25  14:58  High Templar  
Tags
 
Composition
Zealot Archon
League
Platinum
Matchup
PvP
Replay Pack
First 100 games
Spawn Locations
Cross Positions
Add a new tag
Caveats
  • Supply blocks, unpowered buildings, or Contaminate may cause inaccurate times.
  • Supply counts are checked every 10 seconds.